 Dungeon Crawl Stone Soup version 0.27.0-1-g7a089689b8 (webtiles) character file.

Game seed: 15850732091230736956

21 DocSulfur the Grave Robber (level 2, 0/11 HPs)
             Began as a Felid Necromancer on Aug 4, 2021.
             Slain by a bat (1 damage)
             ... on level 1 of the Dungeon.
             The game lasted 00:03:14 (1302 turns).

DocSulfur the Grave Robber (Felid Necromancer)      Turns: 1302, Time: 00:03:15

Health: 0/11       AC:  1    Str:  4    XL:     2   Next: 65%
Magic:  6/6        EV: 17    Int: 16    God:
Gold:   45         SH:  0    Dex: 16    Spells: 3/5 levels left
                                        Lives:  0   Deaths: 0

rFire    . . .     SeeInvis +   (weapon unavailable)
rCold    . . .     Faith    .   (shield unavailable)
rNeg     . . .     Spirit   .   (armour unavailable)
rPois    .         Reflect  .   (helmet unavailable)
rElec    .         Harm     .   (cloak unavailable)
rCorr    .         Rampage  .   (gloves unavailable)
Will     .....                  (boots unavailable)
Stlth    +++.......             (no amulet)
HPRegen  0.03/turn              (no ring)
MPRegen  0.10/turn              (no ring)

@: quick
A: very small, claws 1, fangs 3, see invisible, speed 1, shaggy fur 1, stealthy
paws, no weapons or thrown items, no armour, multi-lived
a: no special abilities


You were on level 1 of the Dungeon.
You visited 1 branch of the dungeon, and saw 1 of its levels.

You collected 45 gold pieces.

Inventory:

Scrolls
 a - 2 scrolls of identify {unknown}
 b - a scroll of teleportation {unknown}
Potions
 c - a potion of heal wounds {unknown}


   Skills:
 - Level 2.6 Dodging
 + Level 3.8 Stealth
 - Level 2.0 Spellcasting
 + Level 4.4 Necromancy


You had 3 spell levels left.
You knew the following spells:

 Your Spells              Type           Power      Damage    Failure   Level
a - Pain                  Necr           60%        1d7       3%          1
b - Animate Skeleton      Necr           30%        N/A       3%          1

Your spell library contained the following spells:

 Spells                   Type           Power      Damage    Failure   Level
 Vampiric Draining        Necr           7%         2d7       10%         3
 Animate Dead             Necr           7%         N/A       32%         4
 Agony                    Necr           15%        N/A       67%         5


Dungeon Overview and Level Annotations

Branches:
Dungeon (1/15)

Altars:


Innate Abilities, Weirdness & Mutations

You have sharp claws.
You have razor-sharp teeth.
You have supernaturally acute eyesight. (SInv)
You cover ground quickly. (Speed+)
You are covered in fur. (AC +1)
Your paws help you pounce on unaware monsters.
You are incapable of wielding weapons or throwing items.
You cannot wear armour.
You gain extra lives every three experience levels.


Message History

You are too injured to fight recklessly!
You escape the ball python's grasp.
The bat closely misses you. The bat barely misses you.
The bat hits you but does no damage. The bat closely misses you.
Found 12 gold pieces.
The bat hits you but does no damage. The bat misses you.
The bat closely misses you. The bat completely misses you.
The bat closely misses you. The bat hits you but does no damage.
The bat hits you.
* * * LOW HITPOINT WARNING * * *
The bat hits you.
* * * LOW HITPOINT WARNING * * *
The bat misses you. The bat closely misses you. The bat barely misses you.
The bat closely misses you. The bat closely misses you.
The bat closely misses you. The bat barely misses you.
The bat completely misses you. The bat closely misses you. The bat hits you.
* * * LOW HITPOINT WARNING * * *
There is an open door here.
Casting: Pain (safe; 3% risk of failure)
Confirm with . or Enter, or press ? or * to list all spells.
Aiming: Pain (safe; 3% risk of failure)
Press: ? - help, Shift-Dir - straight line, f - bat
Aim: a bat (chance to affect: 85%)
Okay, then.
The bat closely misses you. The bat closely misses you. The bat misses you.
There is an open door here.
The bat completely misses you. The bat hits you but does no damage.
The bat hits you.
You die...

######## #.S....# ##..
####'####.# ###....
#...b@..#.######....#.
#.⌠.b.⌠.#b............
############.......#.######..#...
...........'...⌠...+S#### #......
.........#.#.......#....###......
....#.#.#..#.⌠...⌠.#.##.>....#...
....†......#.......#..######.....
....#.#.#..####'#####..........#.
....##...#.# #...##...#######....


You could see 2 bats.

Vanquished Creatures
  3 endoplasms (D:1)
  4 hobgoblins (D:1)
  3 jackals (D:1)
  2 quokkas (D:1)
  2 ball pythons (D:1)
  2 bats (D:1)
  2 goblins (D:1)
18 creatures vanquished.

Notes
Turn   | Place    | Note
-------+----------+-------------------------------------------
     0 | D:1      | DocSulfur the Felid Necromancer began the quest for the
                  | Orb.
     0 | D:1      | Reached XP level 1. HP: 7/7 MP: 4/4
     3 | D:1      | Learned a level 1 spell: Animate Skeleton
   541 | D:1      | Reached XP level 2. HP: 7/11 MP: 3/6
  1302 | D:1      | Slain by a bat

Illustrated notes

Levels and vault maps discovered:
D:1:      matt_arrival_los_fun, layout_loops_ring, serial_shops,
          nicolae_shop_temple_entry_statues_fountains, minmay_fountain_box,
          minmay_misc_feat_plants, minmay_pentomino_s4

Skill      XL: |  1 |
---------------+----+-----
Stealth        | 3 |  3.8
Dodging        | |  2.6
Spellcasting   | |  2.0
Necromancy     | |  4.4

Action                   || total
-------------------------++-------
Melee: Unarmed           ||    22
 Cast: Pain              ||    24
Armor: Skin              ||     9
Dodge: Dodged            ||    66
